 Dungeon Crawl Stone Soup version 0.20-a0-4-gd166d5d (webtiles) character file.

543 Dipster the Caller (level 7, -3/41 HPs)
             Began as a Gargoyle Wanderer on Oct 31, 2016.
             Slain by an ogre
             ... wielding a +0 giant club
              (24 damage)
             ... on level 4 of the Dungeon.
             The game lasted 00:12:19 (3890 turns).

Dipster the Caller (Gargoyle Wanderer)              Turns: 3890, Time: 00:12:20

Health: -3/41      AC: 10    Str: 17    XL:     7   Next: 27%
Magic:  11/11      EV: 11    Int: 11    God:
Gold:   169        SH:  0    Dex: 11    Spells: 2 memorised, 8 levels left

rFire  . . .     SeeInvis .     E - +2 whip (flame)
rCold  . . .     Gourm    .     D - +0 leather armour
rNeg   + + .     Faith    .     (no shield)
rPois  ∞         Spirit   .     q - +0 helmet
rElec  +         Reflect  .     (no cloak)
rCorr  .         Harm     .     (no gloves)
MR     .....                    e - +0 pair of boots
Stlth  +.........               (no amulet)
                                (no ring)
                                w - ring of positive energy

@: no status effects
A: negative energy resistance 1, electricity resistance, unbreathing,
petrification resistance, rot immunity, AC +4
a: no special abilities


You were on level 4 of the Dungeon.
You were not hungry.

You visited 1 branch of the dungeon, and saw 4 of its levels.
You also visited: Sewer.

You collected 169 gold pieces.

Inventory:

Hand Weapons
 d - a +0 club
 j - a +0 whip
 n - a +0 hunting sling
 y - a +0 short sword
 E - a +2 whip of flaming (weapon)
 I - a +0 blowgun
Missiles
 k - 12 poisoned needles
 r - 24 bolts
 t - 50 sling bullets
 x - 52 stones (quivered)
Armour
 a - a +2 scale mail
 e - a +0 pair of boots (worn)
 o - a +0 robe
 q - a +0 helmet (worn)
 D - a +0 leather armour (worn)
Jewellery
 w - a ring of positive energy (left hand)
 B - an uncursed ring of fire
Wands
 s - a wand of flame (33/48)
Scrolls
 g - a scroll of magic mapping
 h - 2 scrolls of fear
 m - a scroll of random uselessness
 u - a scroll of remove curse
 A - a scroll of blinking
 H - a scroll of enchant weapon {unknown}
Potions
 c - 2 potions of curing
 i - 3 potions of flight
 l - 3 potions of haste
 J - a potion of magic {unknown}
Books
 b - the Grimoire of Calling

   Spells                             Type                      Level
   a - Summon Small Mammal            Summoning                    1
   b - Call Canine Familiar           Summoning                    3
Comestibles
 f - 3 bread rations
 C - 2 meat rations
 F - a slice of pizza


   Skills:
 + Level 3.2 Fighting
 * Level 2.6 Maces & Flails
 + Level 2.3 Armour
   Level 1.1 Shields
 - Level 3.1 Spellcasting
 * Level 4.8 Summonings
   Level 1.7 Translocations
   Level 1.0 Fire Magic
 - Level 1.0 Evocations


You had 8 spell levels left.
You knew the following spells:

 Your Spells              Type           Power        Failure   Level  Hunger
a - Summon Small Mammal   Summ           ##..         4%          1    #......
b - Call Canine Familiar  Summ           ##......     14%         3    ###....


Dungeon Overview and Level Annotations

Branches:
Dungeon (4/15)
 Temple: D:4-7

Altars:

Annotations:
D:4 overcat's ghost, amateur HuFi


Innate Abilities, Weirdness & Mutations

You are resistant to torment.
Your stone body is resilient. (AC +4)
You are immune to poison.
You resist negative energy. (rN+)
You are resistant to electric shocks. (rElec)
You can survive without breathing.
You are immune to petrification.
You are immune to rotting.


Message History

You feel much better. Edmund closely misses you.
You hit Edmund. You burn Edmund.
Edmund is severely wounded.
Edmund hits you with a dire flail of crushing.
You hit Edmund. You burn Edmund.
Edmund is almost dead.
Edmund hits you with a dire flail of crushing.
You see here a short sword.
You kill Edmund!
You have reached level 7!
You hit the ogre. You burn the ogre.
The ogre is moderately wounded.
The ogre barely misses you.
You hit the ogre. You burn the ogre.
The ogre is heavily wounded.
You barely miss the ogre.
The ogre is heavily wounded.
The ogre hits you with a giant club!!
Ouch! That really hurt!
You die...

* *,*,* #<# * #.#.#
########.# * #.#.#
#........# * ###.#.#
#.#####..# *#####.#.#.#
#.# #..#
,........#.############.#
#.##
*###...[.#..............#
#<#
,.............###########
#.# ###.............@O.#
#.# ,...#..$.###.#.###)#
#.### *#..##.#.###W#.#
#(##########....
#..###...##>#.#
#O...........### #?.#
#.#.##.#.# #..###########
#..###.....)#.# #..#
********* #......(...##.#
#..# *,,,,,,,,
##.O.###..#.#*.# #.[#
*,*******
W...[#*#..#.#*,* #..# *,*


You could see an ogre.

Vanquished Creatures
  Edmund (D:4)
  A big kobold (Sewer)
  A centaur skeleton (D:4)
  A bullfrog skeleton (D:3)
  Jessica (D:2)
  A hound zombie (D:3)
  A hound skeleton (D:4)
  Robin (D:2)
  9 adders
  A river rat (D:4)
  4 oozes (Sewer)
  A worm (D:3)
  4 dart slugs
  7 leopard geckos
  An orc (D:3)
  5 ball pythons
  5 giant cockroaches
  8 hobgoblins
  7 jackals
  3 quokkas
  12 bats
  6 frilled lizards
  10 goblins
  12 kobolds
  13 rats
116 creatures vanquished.

Notes
Turn   | Place    | Note
-------+----------+-------------------------------------------
     0 | D:1      | Dipster the Gargoyle Wanderer began the quest for the Orb.
     0 | D:1      | Dipster set off with: a +2 scale mail, the Grimoire of Calling, a potion of curing, a +0 club, a bread ration
     0 | D:1      | Reached XP level 1. HP: 12/12 MP: 3/3
    71 | D:1      | Identified the Grimoire of Calling
    73 | D:1      | Learned a level 1 spell: Summon Small Mammal
   158 | D:1      | Reached XP level 2. HP: 10/18 MP: 5/5
   287 | D:1      | Reached skill level 1 in Summonings
   560 | D:1      | Reached XP level 3. HP: 21/22 MP: 6/6
   918 | D:2      | Noticed Robin
  1162 | D:2      | Killed Robin
  1162 | D:2      | Reached skill level 2 in Summonings
  1162 | D:2      | Reached XP level 4. HP: 24/27 MP: 8/8
  1184 | D:2      | Learned a level 3 spell: Call Canine Familiar
  1634 | D:2      | Noticed Jessica
  1655 | D:2      | Killed Jessica
  1655 | D:2      | Reached skill level 3 in Summonings
  1655 | D:2      | Reached XP level 5. HP: 21/31 MP: 9/9
  2406 | D:3      | Reached skill level 4 in Summonings
  3182 | D:4      | Reached XP level 6. HP: 29/36 MP: 10/10
  3266 | D:4      | Reached skill level 1 in Maces & Flails
  3271 | D:4      | Noticed overcat's ghost (amateur HuFi)
  3381 | D:4      | Found a glowing drain.
  3385 | Sewer    | Entered a sewer
  3862 | D:4      | Noticed Edmund
  3886 | D:4      | Killed Edmund
  3886 | D:4      | Reached XP level 7. HP: 21/41 MP: 11/11
  3890 | D:4      | Slain by an ogre

Vault maps used:
D:1:      wheals_arrival_linesprint
D:2:      first_bread, kennysheep_generic_room_4, uniq_robin, uniq_jessica
D:4:      gup_sewer_entry_spiral, chequers_big_river, uniq_edmund
Sewer:    sewer_co_15_rooms

Skill      XL: |  1  2  3  4  5  6 |
---------------+-------------------+-----
Summonings     | 1 2 3 4 |  4.8
Spellcasting   | 3 |  3.1
Maces & Flails | 2 |  2.6
Fighting       | 3 |  3.2
Armour         | 2 |  2.3
Shields        | |  1.1
Translocations | |  1.7
Fire Magic     | |  1.0
Evocations     | |  1.0

Action                   |  1- 3 |  4- 6 |  7- 9 || total
-------------------------+-------+-------+-------++-------
Melee: Club              |    88 |       |       ||    88
       Whip              |   130 |   374 |     3 ||   507
 Fire: Hunting sling     |       |    11 |       ||    11
       Blowgun           |       |    11 |       ||    11
  Use: Scroll            |       |    10 |       ||    10
       Potion            |       |     1 |       ||     1
 Stab: Sleeping          |       |     2 |       ||     2
  Eat: Chunk             |     1 |    10 |       ||    11
Armor: Scale mail        |   179 |     3 |       ||   182
       Robe              |       |   110 |       ||   110
       Leather armour    |       |   112 |       ||   112
Dodge: Dodged            |   166 |   291 |     1 ||   458
